 Dungeon Crawl Stone Soup version 0.23.0 (webtiles) character file.

Game seed: 2568986833031086335

7375 xccam the Transmogrifier (level 10, -6/74 HPs)
             Began as a Grey Draconian Transmuter on Feb 17, 2019.
             Was an Elder of Nemelex Xobeh.
             Mangled by Urug
             ... wielding a +2 demon trident of draining
              (22 damage)
             ... on level 10 of the Dungeon.
             The game lasted 00:28:11 (11061 turns).

xccam the Transmogrifier (DrTm)                    Turns: 11061, Time: 00:28:12

Health: -6/74      AC: 13    Str: 13    XL:     10   Next: 91%
Magic:  19/22      EV: 15    Int: 19    God:    Nemelex Xobeh [****..]
Gold:   631        SH:  0    Dex: 16    Spells: 15/25 levels left

rFire    . . .     SeeInvis .     - Unarmed
rCold    . . .     Gourm    .   (shield currently unavailable)
rNeg     . . .     Faith    .   (armour unavailable)
rPois    +         Spirit   .   (helmet restricted)
rElec    .         Reflect  .   s - +0 cloak
rCorr    .         Harm     .   (gloves currently unavailable)
MR       .....                  (no boots)
Stlth    +.........             b - amulet of magic regeneration
HPRegen  0.22/turn              J - ring of Mucirh Otra {Int+3 Dex+4}
MPRegen  0.43/turn              K - ring of poison resistance

@: blade hands, studying Stealth, heavily drained
A: walk through water, unfitting armour, unbreathing, cold-blooded, AC +12
a: End Transformation, Draw Escape, Draw Destruction, Draw Summoning, Triple
Draw, Deal Four, Renounce Religion


You were on level 10 of the Dungeon.
You worshipped Nemelex Xobeh.
Nemelex Xobeh was greatly pleased with you.
You were not hungry.
You had blades for hands.
You visited 1 branch of the dungeon, and saw 10 of its levels.
You also visited: Ossuary.

You collected 631 gold pieces.

Inventory:

Missiles
 a - 168 arrows
Armour
 s - a +0 cloak (worn)
 B - a scarf of cloud immunity
 E - a +1 pair of gloves (melded)
Jewellery
 b - an amulet of magic regeneration (around neck)
 k - an uncursed ring of ice
 y - an uncursed ring of see invisible
 J - the ring of Mucirh Otra (left scythe-like blade) {Int+3 Dex+4}
   (You found it on level 6 of the Dungeon)

   [ring of dexterity]

   It affects your intelligence (+3).
   It affects your dexterity (+4).
 K - a ring of poison resistance (right scythe-like blade)
 M - an uncursed ring of stealth
 N - an uncursed ring of protection from fire {unknown}
Wands
 m - a wand of disintegration (4)
Scrolls
 e - 5 scrolls of magic mapping
 f - 3 scrolls of fog
 n - 6 scrolls of remove curse
 q - 3 scrolls of blinking
 r - 2 scrolls of enchant weapon
 t - 3 scrolls of immolation
 u - 4 scrolls of teleportation {unknown}
 A - a scroll of enchant armour {unknown}
 C - a scroll of fear
 F - 2 scrolls of vulnerability {unknown}
 G - a scroll of brand weapon {unknown}
 L - a scroll of torment {unknown}
Potions
 d - 3 potions of might
 g - a potion of ambrosia {unknown}
 h - 7 potions of curing
 i - 3 potions of agility
 j - a potion of haste {unknown}
 l - a potion of lignification
 o - a potion of heal wounds
 p - 2 potions of brilliance
 v - a potion of invisibility {unknown}
 w - a potion of berserk rage {unknown}
 x - a potion of resistance {unknown}
 z - 4 potions of flight {unknown}
 D - 4 potions of mutation
Books
 I - a manual of Stealth
Miscellaneous
 H - a phantom mirror
Comestibles
 c - 8 rations


   Skills:
 + Level 2.3(0.7) Fighting
 + Level 6.3(4.4) Dodging
 + Level 7.6(5.7) Unarmed Combat
 - Level 8.0(6.1) Spellcasting
 * Level 9.4(7.4) Transmutations
 + Level 6.3(4.5) Invocations


You had 15 spell levels left.
You knew the following spells:

 Your Spells              Type           Power        Failure   Level  Hunger
a - Beastly Appendage     Tmut           ####..       12%         1    None
b - Sticks to Snakes      Tmut           ####....     14%         2    None
c - Blade Hands           Tmut           ####......   54%         5    #####..
d - Passwall              Tmut/Erth      ###.....     28%         2    None

Your spell library contained the following spells:

 Spells                   Type           Power        Failure   Level  Hunger
 Spider Form              Tmut/Pois      ###.......   38%         3    ##.....
 Animate Skeleton         Necr           N/A          47%         1    None
 Pain                     Necr           #...         47%         1    None
 Sandblast                Erth           #.....       47%         1    None
 Ice Form                 Ice/Tmut       ###.....     67%         4    ####...
 Petrify                  Tmut/Erth      ###.....     67%         4    ####...
 Regeneration             Chrm/Necr      #.........   75%         3    ##.....
 Stone Arrow              Conj/Erth      #.....       75%         3    ##.....
 Vampiric Draining        Necr           #.........   75%         3    ##.....
 Animate Dead             Necr           N/A          96%         4    ####...
 Lee's Rapid Deconstruct  Erth           #.........   100%        5    #####..


Dungeon Overview and Level Annotations

Branches:
Dungeon (10/15)            Temple (0/1) D:4            Lair (0/6) D:9
    Orc (0/2) D:9

Altars:
Nemelex Xobeh
Okawaru
Qazlal
Trog
Vehumet
Wu Jian
Xom
The Shining One

Shops:
D:9 =   D:10 [

Annotations:
D:10 Urug


Innate Abilities, Weirdness & Mutations

You can walk through water.
Your dull iron-grey scales are very hard. (AC +12)
You cannot fit into any form of body armour.
You can survive without breathing.
You are cold-blooded and may be slowed by cold attacks.


Message History

Your ball python bites Urug but does no damage.
The wyvern bites you!
* * * LOW HITPOINT WARNING * * *
Unknown command.
You hit the wyvern.
The wyvern is severely wounded.
The wyvern closely misses you.
Your ball python bites Urug but does no damage.
Your ball python constricts Urug.
Your ball python bites Urug but does no damage.
Urug barely misses you.
You hit the wyvern but do no damage.
The wyvern is severely wounded.
The wyvern bites you.
* * * LOW HITPOINT WARNING * * *
Your ball python bites Urug but does no damage.
Your ball python constricts Urug.
Your ball python barely misses Urug.
Urug hits you with a +2 demon trident of draining!!
You die...
Your body glows with a rainbow of weird colours and disappears.

########## ....#..
.........####+##....#..
.#.......#..........#.#
.........#..........#.#
.........#..........#.#
..o.....>#..........#.#
.........##.∩.# #####..
#####o####..###......
#...@SS.......'...###
#..l.S........#...###
#.............#......
#.............#......
#.#####+##....#......
#. #....#...... .
#....#...... ..
#....#...... ..
...#......


You could see Urug, a wyvern, a friendly adder and 2 friendly ball pythons.

Vanquished Creatures
  A two-headed ogre (D:8)
  An ugly thing (D:8)
  Joseph (D:9)
  A gargoyle (D:8)
  Sigmund (D:3)
  A wraith (Ossuary)
  A wyvern (D:8)
  3 hungry ghosts
  2 two-headed ogre zombies (D:9)
  A water moccasin (D:6)
  6 ice beasts
  2 orc warriors
  A black bear (D:9)
  2 sky beasts
  3 eyes of draining (D:4)
  3 ogres
  2 necrophages
  2 phantoms
  5 centaurs
  4 bullfrogs
  A big kobold (D:8)
  3 gnoll sergeants (D:6)
  5 killer bees (D:9)
  2 troll zombies (D:9)
  3 wights (D:7)
  A bullfrog zombie (D:9)
  A crimson imp (D:6)
  A quasit (D:8)
  A hound (D:8)
  A gnoll shaman (D:6)
  3 orc priests
  Crazy Yiuf (D:3)
  A centaur skeleton (D:8)
  5 orc wizards
  Ijyb (D:3)
  An iguana (D:8)
  6 worker ants
  A killer bee zombie (D:8)
  4 ogre zombies (D:9)
  A big kobold zombie (Ossuary)
  3 mummies (Ossuary)
  2 worker ant zombies
  A gnoll (D:6)
  2 howler monkey skeletons
  10 adders
  An ooze (D:1)
  3 adder skeletons
  An adder zombie (D:8)
  A worm (D:3)
  4 dart slugs
  3 leopard geckos
  47 orcs
  A giant cockroach (D:2)
  A gnoll zombie (Ossuary)
  7 hobgoblins
  10 jackals
  8 kobolds
  5 quokkas
  7 bats
  5 frilled lizards
  6 goblins
  A goblin skeleton (D:9)
  4 goblin zombies
  2 hobgoblin skeletons (D:9)
  12 hobgoblin zombies
  2 jackal skeletons (D:4)
  2 kobold zombies (Ossuary)
  4 orc skeletons (D:9)
  7 orc zombies (D:9)
  2 quokka skeletons (D:4)
  4 rats (D:1)
254 creatures vanquished.

Vanquished Creatures (collateral kills)
  The ghost of Mgcat the Magician, a novice DEMo of Vehumet (D:6)
  Blork the orc (D:6)
  A river rat (D:6)
  A leopard gecko (D:6)
  2 orcs (D:3)
  2 hobgoblins
  A jackal (D:6)
  A goblin (D:6)
10 creatures vanquished.

Vanquished Creatures (others)
  A sky beast (D:9)
  A goblin zombie (Ossuary)
2 creatures vanquished.

Grand Total: 266 creatures vanquished

Notes
Turn   | Place    | Note
-------+----------+-------------------------------------------
     0 | D:1      | xccam the Draconian Transmuter began the quest for the Orb.
     0 | D:1      | Reached XP level 1. HP: 16/16 MP: 3/3
     2 | D:1      | Noticed a naga
     2 | D:1      | Noticed a tengu
     4 | D:1      | Noticed a demonspawn
     6 | D:1      | Noticed a draconian
     6 | D:1      | Noticed a gargoyle
    10 | D:1      | Noticed a troll
    10 | D:1      | Noticed a centaur
    12 | D:1      | Noticed a spriggan
    12 | D:1      | Noticed an elf
    14 | D:1      | Noticed a formicid
    16 | D:1      | Noticed a dwarf
    16 | D:1      | Noticed a halfling
    18 | D:1      | Noticed an ogre
    18 | D:1      | Noticed a ghoul
    20 | D:1      | Noticed a human
    20 | D:1      | Noticed a felid
    22 | D:1      | Noticed a demigod
    22 | D:1      | Noticed a merfolk
    24 | D:1      | Noticed a vine stalker
    24 | D:1      | Noticed an octopode
    26 | D:1      | Noticed a minotaur
    26 | D:1      | Noticed a vampire
    96 | D:1      | Reached XP level 2. HP: 21/23 MP: 5/5
   544 | D:1      | Reached XP level 3. HP: 22/28 MP: 6/6
  1270 | D:2      | Learned a level 2 spell: Sticks to Snakes
  1324 | D:2      | Found a shimmering altar of Xom.
  1661 | D:2      | Reached skill level 5 in Unarmed Combat
  1661 | D:2      | Reached XP level 4. HP: 35/35 MP: 5/7
  1737 | D:3      | Noticed Sigmund
  1754 | D:3      | Killed Sigmund
  1754 | D:3      | Reached XP level 5. HP: 19/40 MP: 8/8
  1928 | D:3      | Noticed Ijyb
  2145 | D:3      | Killed Ijyb
  2145 | D:3      | Reached XP level 6. HP: 39/47 MP: 9/9
  2501 | D:3      | Found a faded altar of an unknown god.
  2501 | D:3      | Found an ornate altar of the Wu Jian Council.
  2511 | D:3      | Found a stormy altar of Qazlal.
  2513 | D:3      | Found a faded altar of an unknown god.
  2514 | D:3      | Found a radiant altar of Vehumet.
  2534 | D:3      | Became a worshipper of Nemelex Xobeh the Trickster
  2534 | D:3      | Received a gift from Nemelex Xobeh
  2534 | D:3      | Reached * piety under Nemelex Xobeh
  2829 | D:3      | Found a runed translucent door.
  2830 | D:3      | Noticed Crazy Yiuf
  2838 | D:3      | Killed Crazy Yiuf
  3117 | D:4      | Received a gift from Nemelex Xobeh
  3388 | D:4      | Reached skill level 3 in Transmutations
  3436 | D:4      | Found a staircase to the Ecumenical Temple.
  3476 | D:4      | Reached ** piety under Nemelex Xobeh
  3720 | D:4      | Found a glowing golden altar of the Shining One.
  3791 | D:4      | Found a bloodstained altar of Trog.
  3808 | D:4      | Your scales start taking on a dull iron-grey colour.
  3808 | D:4      | Reached XP level 7. HP: 52/52 MP: 0/11
  3808 | D:4      | Gained mutation: You can survive without breathing. [Grey
                  | Draconian growth]
  3975 | D:4      | Reached skill level 4 in Transmutations
  4245 | D:5      | Entered Level 5 of the Dungeon
  4331 | D:5      | Found a sand-covered staircase.
  4347 | Ossuary  | Entered an ossuary
  4347 | Ossuary  | Noticed a wraith
  4347 | Ossuary  | Noticed a wraith
  4347 | Ossuary  | Noticed a wraith
  4683 | Ossuary  | Received a gift from Nemelex Xobeh
  4684 | Ossuary  | Noticed a wraith
  4699 | Ossuary  | Killed a wraith
  4699 | Ossuary  | Reached XP level 8. HP: 17/59 MP: 14/14
  5137 | D:5      | Reached skill level 1 in Invocations
  5275 | D:5      | Reached *** piety under Nemelex Xobeh
  5486 | D:5      | Received a gift from Nemelex Xobeh
  5844 | D:5      | Reached skill level 5 in Transmutations
  6050 | D:6      | Learned a level 5 spell: Blade Hands
  6093 | D:6      | Reached skill level 5 in Spellcasting
  6107 | D:6      | Reached skill level 5 in Dodging
  6228 | D:6      | Noticed Blork the orc
  6235 | D:6      | Killed Blork the orc
  6235 | D:6      | Reached XP level 9. HP: 48/64 MP: 17/17
  6356 | D:6      | Received a gift from Nemelex Xobeh
  6371 | D:6      | Noticed Mgcat's ghost (novice DEMo)
  6382 | D:6      | Found a transporter.
  6384 | D:6      | Found a transporter.
  6413 | D:6      | Reached skill level 6 in Transmutations
  6623 | D:6      | Killed Mgcat's ghost
  6752 | D:6      | Got a smoking golden ring
  6754 | D:6      | Identified the ring of Mucirh Otra {Int+3 Dex+4} (You found
                  | it on level 6 of the Dungeon)
  7048 | D:7      | Found an iron altar of Okawaru.
  7502 | D:7      | Reached **** piety under Nemelex Xobeh
  7895 | D:7      | Reached skill level 7 in Transmutations
  8096 | D:7      | Received a gift from Nemelex Xobeh
  8575 | D:8      | Noticed a green ugly thing
  8890 | D:8      | Noticed a gargoyle
  8897 | D:8      | Killed a gargoyle
  8897 | D:8      | Reached XP level 10. HP: 65/71 MP: 16/20
  8901 | D:8      | Learned a level 2 spell: Passwall
  9033 | D:8      | Noticed a two-headed ogre
  9051 | D:8      | Killed a two-headed ogre
  9051 | D:8      | Reached skill level 8 in Transmutations
  9051 | D:8      | Reached skill level 5 in Invocations
  9276 | D:8      | Killed a green ugly thing
  9709 | D:8      | Received a gift from Nemelex Xobeh
 10063 | D:9      | Reached skill level 9 in Transmutations
 10070 | D:9      | Found a staircase to the Orcish Mines.
 10740 | D:9      | Found a staircase to the Lair.
 10773 | D:9      | Found Leav's Jewellery Shop.
 10774 | D:9      | Noticed Joseph
 10795 | D:9      | Killed Joseph
 10973 | D:10     | Entered Level 10 of the Dungeon
 11033 | D:10     | Found Xakhufac's Armour Shop.
 11047 | D:10     | Noticed Urug
 11061 | D:10     | Mangled by Urug

Skill      XL: |  1  2  3  4  5  6  7  8  9 10 |
---------------+-------------------------------+-----
Unarmed Combat | 4 5 6 7 |  7.6
Dodging        | 2 3 4 5 6 |  6.3
Transmutations | 3 4 5 7 9 |  9.4
Spellcasting   | 3 4 5 7 8 |  8.0
Invocations    | 2 4 6 |  6.3
Fighting       | 2 |  2.3

Action                   |  1- 3 |  4- 6 |  7- 9 | 10-12 || total
-------------------------+-------+-------+-------+-------++-------
Melee: Unarmed           |   116 |   205 |   553 |   301 ||  1175
       Tailslap          |    13 |    25 |    72 |    53 ||   163
       Headbutt          |     1 |     4 |     8 |     7 ||    20
       Kick              |       |     6 |    15 |       ||    21
       Punch             |       |     3 |    16 |     4 ||    23
 Cast: Beastly Appendage |     1 |     4 |    11 |     3 ||    19
       Sticks to Snakes  |       |     1 |       |     1 ||     2
       Blade Hands       |       |       |     6 |    13 ||    19
 Abil: Draw Summoning    |       |     1 |     3 |       ||     4
       Draw Destruction  |       |       |     4 |       ||     4
       End Transformatio |       |       |       |     1 ||     1
Evoke: Wand              |       |       |     3 |       ||     3
  Use: Scroll            |       |     7 |     9 |     1 ||    17
       Potion            |       |       |     2 |     1 ||     3
 Stab: Sleeping          |     1 |     1 |     2 |       ||     4
  Eat: Chunk             |     2 |     7 |    14 |     6 ||    29
       Ration            |       |       |     2 |     4 ||     6
Armor: Skin              |    28 |    58 |   154 |    86 ||   326
Dodge: Dodged            |    61 |    95 |   376 |   191 ||   723
